 Dungeon Crawl Stone Soup version 0.27-a0-1065-ge809cff456 (webtiles) character file.

Game seed: 4163296625187434387

114 voltaire321 the Gusty (level 4, -2/29 HPs)
             Began as an Octopode Air Elementalist on Apr 22, 2021.
             Killed by nerve-wracking pain
             ... invoked by an orc priest
              (6 damage)
             ... on level 3 of the Dungeon.
             The game lasted 00:09:44 (2820 turns).

voltaire321 the Gusty (Octopode Air Elementalist)   Turns: 2820, Time: 00:09:45

Health: -2/29      AC:  1    Str:  7    XL:     4   Next: 98%
Magic:  2/7        EV: 13    Int: 18    God:
Gold:   147        SH:  0    Dex: 12    Spells: 2/8 levels left

rFire    . . .     SeeInvis .   a - +0 dagger
rCold    . . .     Faith    .   (no shield)
rNeg     . . .     Spirit   .   (helmet restricted)
rPois    .         Reflect  .   (no amulet)
rElec    .         Harm     .   (no ring)
rCorr    .         Rampage  .   (no ring)
Will     .....                  (no ring)
Stlth    +++.......             (no ring)
HPRegen  0.09/turn              (no ring)
MPRegen  0.10/turn              (no ring)
                                (no ring)
                                (no ring)

@: no status effects
A: almost no armour, amphibious, 8 rings, camouflage 1, gelatinous body 1,
(nimble swimmer 1), tentacles
a: no special abilities


You were on level 3 of the Dungeon.
You visited 1 branch of the dungeon, and saw 3 of its levels.

You collected 147 gold pieces.

Inventory:

Hand Weapons
 a - a +0 dagger (weapon)
Missiles
 f - 13 poisoned darts (quivered)
Jewellery
 e - a ring of ice
Scrolls
 b - 2 scrolls of brand weapon {unknown}
 d - 2 scrolls of acquirement {unknown}
Potions
 c - a potion of heal wounds {unknown}


   Skills:
 + Level 1.6 Fighting
 + Level 2.8 Dodging
 - Level 3.1 Stealth
 + Level 2.6 Spellcasting
 + Level 2.0 Conjurations
 + Level 3.5 Air Magic


You had 2 spell levels left.
You knew the following spells:

 Your Spells              Type           Power      Damage    Failure   Level
a - Shock                 Conj/Air       48%        1d6       5%          1
b - Static Discharge      Conj/Air       12%        N/A       9%          2
c - Swiftness             Air            15%        N/A       12%         3

Your spell library contained the following spells:

 Spells                   Type           Power      Damage    Failure   Level
 Airstrike                Air            7%         N/A       36%         4
 Lightning Bolt           Conj/Air       6%         1d18      83%         5


Dungeon Overview and Level Annotations

Branches:
Dungeon (3/15)

Altars:
Elyvilon


Innate Abilities, Weirdness & Mutations

You cannot wear most types of armour.
You are amphibious.
You can wear up to eight rings at the same time.
Your skin changes colour to match your surroundings (Stealth+).
Your rubbery body absorbs attacks. (AC +1, EV +1)
((You are camouflaged near water. (Stealth+)))
You have tentacles for arms and can constrict up to eight enemies at once.


Message History

Aiming: Shock (safe; 5% risk of failure)
Press: ? - help, Shift-Dir - straight line, f/p - orc priest
Aim: an orc priest, wielding a +0 club and wearing a +0 chain mail (severely wounded, poisoned, 77% to hit)
The zap hits the orc priest but does no damage.
The orc priest is severely wounded.
You hit the orc priest but do no damage.
You grab the orc priest.
The orc priest is severely wounded.
You constrict the orc priest, but do no damage.
The orc priest drinks a potion.
The orc priest seems to grow stronger.
You completely miss the orc priest.
You squeeze the orc priest, but do no damage.
The orc priest is severely wounded.
You constrict the orc priest.
The orc priest miscasts a cantrip.
You hit the orc priest but do no damage.
You squeeze the orc priest, but do no damage.
The orc priest is severely wounded.
You constrict the orc priest, but do no damage.
The orc priest looks more healthy.
The orc priest hits you with a +0 club.
Casting: Shock (safe; 5% risk of failure)
Confirm with . or Enter, or press ? or * to list all spells.
Aiming: Shock (safe; 5% risk of failure)
Press: ? - help, Shift-Dir - straight line, f/p - orc priest
Aim: an orc priest, wielding a +0 club and wearing a +0 chain mail (severely wounded, constricted by you, strong, 100% to hit)
The zap hits the orc priest but does no damage.
The orc priest is severely wounded.
You constrict the orc priest. The orc priest hits you with a +0 club!
* * * LOW HITPOINT WARNING * * *
Casting: Shock (safe; 5% risk of failure)
Confirm with . or Enter, or press ? or * to list all spells.
Aiming: Shock (safe; 5% risk of failure)
Press: ? - help, Shift-Dir - straight line, f/p - orc priest
Aim: an orc priest, wielding a +0 club and wearing a +0 chain mail (severely wounded, constricted by you, strong, 100% to hit)
The zap hits the orc priest but does no damage.
The orc priest is severely wounded.
You constrict the orc priest, but do no damage.
The orc priest invokes the aid of Beogh against you.
Pain shoots through your body!
You die...

.....#..............>)...........
#.##.#........####....#..........
#.##.##.#...#.## ####............
#.##...[..#....#######...........
#...###...........##(............
.....###..#.......(...##.####..##
#...)# #.........(##........#.###
#....###........(................
#.....##.......)@#.#.............
#......)........o#..o............
#....###.............(...........
#....# #..)......................
#....# #.........##..............
#....###.......#.................
#####..........##.#..............
......#...#.......†..............
#######...##..#....##.....#.....#


You could see an orc priest (strong).

Vanquished Creatures
  An orc wizard (D:3)
  A gnoll (D:1)
  2 adders
  A worm (D:3)
  3 dart slugs
  5 orcs
  4 endoplasms
  4 giant cockroaches
  3 hobgoblins
  2 jackals (D:2)
  4 quokkas
  6 ball pythons
  A bat (D:2)
  4 goblins
  A kobold (D:1)
  4 rats
46 creatures vanquished.

Notes
Turn   | Place    | Note
-------+----------+-------------------------------------------
     0 | D:1      | voltaire321 the Octopode Air Elementalist began the quest
                  | for the Orb.
     0 | D:1      | Reached XP level 1. HP: 11/11 MP: 3/3
   266 | D:1      | Found a faded altar of an unknown god.
   433 | D:1      | Reached XP level 2. HP: 18/18 MP: 0/5
   728 | D:1      | Reached XP level 3. HP: 22/22 MP: 4/6
   794 | D:1      | Reached skill level 1 in Fighting
   826 | D:1      | Learned a level 2 spell: Static Discharge
   830 | D:1      | Learned a level 3 spell: Swiftness
  1403 | D:2      | Found a white marble altar of Elyvilon.
  1796 | D:2      | Noticed an orc warrior
  2040 | D:3      | Reached XP level 4. HP: 28/28 MP: 3/7
  2131 | D:3      | Noticed an ogre
  2820 | D:3      | Killed from afar by an orc priest

Illustrated notes

Levels and vault maps discovered:
D:1:      dpeg_chamrin_arrival_tetris, layout_loops_ring,
          chequers_ecumenical_altar_grove, roderic_serpentine_path
D:2:      layout_rooms, basic_altar
D:3:      layout_rooms

Skill      XL: |  1  2  3  4 |
---------------+-------------+-----
Fighting       | 1 |  1.6
Stealth        | 3 |  3.1
Conjurations   | 2 |  2.0
Dodging        | |  2.8
Spellcasting   | |  2.6
Air Magic      | |  3.5

Action                   |  1- 3 |  4- 6 || total
-------------------------+-------+-------++-------
Melee: Dagger            |    28 |    40 ||    68
       Constrict         |     6 |    10 ||    16
       Tentacles         |     4 |     8 ||    12
Throw: Dart              |       |     6 ||     6
 Cast: Shock             |    50 |    27 ||    77
 Stab: Sleeping          |     2 |       ||     2
Armor: Skin              |     3 |     1 ||     4
Dodge: Dodged            |    19 |    14 ||    33

Table legend: (Time is in decaauts)
 A = Elapsed time spent in this place.
 B = Non-inter-level travel time spent in this place.
 C = Inter-level travel time spent in this place.
 D = Time resting spent in this place.
 E = Time spent auto-exploring this place.
 F = Levels seen in this place.
 G = Mean time per level.
                   A        B        C        D        E       F      G
               +--------+--------+--------+--------+--------+-----+--------+
         Total |   2820 |   2725 |     95 |    781 |   1282 |   3 |  940.0 |
       Dungeon |   2820 |   2725 |     95 |    781 |   1282 |   3 |  940.0 |
               +--------+--------+--------+--------+--------+-----+--------+

Top non-repeatable levels by time:
     D:1: 1245 daAuts
     D:3: 908 daAuts
     D:2: 666 daAuts
